 Dungeon Crawl Stone Soup version 0.28.0-53-g5a82cb258f (webtiles) character file.

Game seed: 15438707601453857516

149 Ashen the Ruffian (level 5, -3/46 HPs)
             Began as a Ghoul Monk on June 6, 2022.
             Slain by a water moccasin (4 damage)
             ... on level 4 of the Dungeon.
             The game lasted 00:05:33 (2873 turns).

Ashen the Ruffian (Ghoul Monk)                      Turns: 2873, Time: 00:05:33

Health: -3/46      AC:  4    Str: 15    XL:     5   Next: 31%
Magic:  4/4        EV: 13    Int:  5    God:
Gold:   163        SH:  0    Dex: 19    Spells: 4/4 levels left

rFire   . . .      SeeInvis .     - Unarmed
rCold   + . .      Faith    .   (no shield)
rNeg    + + +      Spirit   .   k - +0 leather armour
rPois   ∞          Reflect  .   (no helmet)
rElec   .          Harm     .   l - +0 cloak
rCorr   .          Rampage  .   (no gloves)
Will    .....                   (no boots)
Stlth   ++........              (no amulet)
HPRegen 0.00/turn               b - +6 ring of dexterity
MPRegen 0.09/turn               (no ring)

@: inhibited regen
A: claws 1, cold resistance 1, negative energy resistance 3, inhibited
regeneration, torment resistance 2
a: no special abilities


You were on level 4 of the Dungeon.
You visited 1 branch of the dungeon, and saw 4 of its levels.

You collected 163 gold pieces.

Inventory:

Hand Weapons
 h - a +2 quarterstaff of chaos
Armour
 k - a +0 leather armour (worn)
 l - a +0 cloak (worn)
Jewellery
 b - a +6 ring of dexterity (left claw)
 d - a ring of ice
 g - an amulet of regeneration
Scrolls
 f - 4 scrolls of identify
Potions
 c - a potion of brilliance {unknown}
 e - a potion of heal wounds {unknown}
 i - a potion of mutation
 j - a potion of cancellation


   Skills:
 + Level 3.9 Fighting
 + Level 1.5 Armour
 + Level 3.2 Dodging
 + Level 3.3 Stealth
 * Level 4.4 Unarmed Combat


You had 4 spell levels left.
You didn't know any spells.
Your spell library contained the following spells:

 Spells                   Type           Power      Damage    Failure   Level
 Summon Hydra             Summ           0%         N/A       100%        7
 Sublimation of Blood     Necr           Unusable   N/A       N/A         2
 Wereblood                Tmut           Unusable   N/A       N/A         2

Dungeon Overview and Level Annotations

Branches:
Dungeon (4/15)
 Temple: D:4-7

Altars:

Annotations:
D:3 2 transporters


Innate Abilities, Weirdness & Mutations

You thrive by killing the living.
You are immune to poison.
You have sharp fingernails.
Your flesh is cold resistant. (rC+)
You are immune to negative energy. (rN+++)
You do not regenerate when monsters are visible.
You are immune to unholy pain and torment.


Message History

You miss the water moccasin. The water moccasin barely misses you.
The water moccasin bites you.
You closely miss the water moccasin. The water moccasin misses you.
You scratch the water moccasin but do no damage.
Your claw misses the water moccasin. The water moccasin bites you.
You miss the water moccasin. The water moccasin bites you.
You closely miss the water moccasin. The water moccasin bites you!
The water moccasin closely misses you.
You closely miss the water moccasin. The water moccasin bites you!
* * * LOW HITPOINT WARNING * * *
You scratch the water moccasin.
The water moccasin is lightly wounded.
The water moccasin barely misses you.
Sorry, you're not good enough to have a special ability.
Okay, then.
Okay, then.
You scratch the water moccasin.
The water moccasin is moderately wounded.
The water moccasin bites you.
* * * LOW HITPOINT WARNING * * *
You closely miss the water moccasin.
The water moccasin is moderately wounded.
The water moccasin bites you.
* * * LOW HITPOINT WARNING * * *
The water moccasin barely misses you.
You miss the water moccasin.
The water moccasin is moderately wounded.
The water moccasin bites you!
* * * LOW HITPOINT WARNING * * *
You barely miss the water moccasin.
The water moccasin is moderately wounded.
The water moccasin bites you.
* * * LOW HITPOINT WARNING * * *
You scratch the water moccasin but do no damage.
The water moccasin is moderately wounded.
The water moccasin bites you.
* * * LOW HITPOINT WARNING * * *
It was a potion of cancellation.
You feel magically purged. The water moccasin closely misses you.
The water moccasin bites you.
You die...

# #.# .##.#
..#.############
..#.........(..#
..#.##########.#
.#...## #.#
......# #.# ##
##....# #.##S##
....#.# #..@..#
###.#.# ####.##
# #.#.# .#
###+#.# .#
......# .#
#.....## .#
.......## .#
........# .#
.)......+


You could see a water moccasin.

Vanquished Creatures
  Crazy Yiuf (D:3)
  An orc wizard (D:3)
  4 adders
  A dart slug (D:1)
  6 orcs
  7 ball pythons
  An endoplasm (D:1)
  A giant cockroach (D:1)
  3 goblins
  8 hobgoblins
  3 quokkas (D:1)
  4 bats
  3 frilled lizards
  4 kobolds
  6 rats
53 creatures vanquished.

Notes
Turn   | Place    | Note
-------+----------+-------------------------------------------
     0 | D:1      | Ashen the Ghoul Monk began the quest for the Orb.
     0 | D:1      | Reached XP level 1. HP: 19/19 MP: 0/0
   211 | D:1      | Reached XP level 2. HP: 18/26 MP: 1/1
   490 | D:1      | Reached XP level 3. HP: 29/31 MP: 2/2
   991 | D:2      | Reached skill level 1 in Armour
  1140 | D:2      | Reached XP level 4. HP: 40/40 MP: 3/3
  1443 | D:2      | Found a faded altar of an unknown god.
  1637 | D:3      | Found a transporter.
  1741 | D:3      | Found a transporter.
  1776 | D:3      | Noticed a kobold demonologist
  1814 | D:3      | Reached skill level 4 in Unarmed Combat
  2152 | D:3      | Found a runed translucent door.
  2153 | D:3      | Noticed Crazy Yiuf
  2416 | D:3      | Killed Crazy Yiuf
  2417 | D:3      | Reached XP level 5. HP: 14/46 MP: 4/4
  2855 | D:4      | Noticed a water moccasin
  2871 | D:4      | HP: 2/46 [water moccasin (1)]
  2873 | D:4      | Slain by a water moccasin

Illustrated notes

Levels and vault maps discovered:
D:1:      giann_forest_graveyard, layout_basic, minmay_pentomino_u4
D:2:      layout_basic, chequers_ecumenical_altar_simple_redux,
          hangedman_decor_growths, minmay_cupped
D:3:      gammafunk_wand_slinger, layout_rooms, uniq_crazy_yiuf_cottage
D:4:      layout_loops_corners, chequers_temple_overflow_statue_of_worship

Skill      XL: |  1  2  3  4 |
---------------+-------------+-----
Dodging        | 3 |  3.2
Armour         | 1 |  1.5
Stealth        | 3 |  3.3
Unarmed Combat | 4 |  4.4
Fighting       | |  3.9

Action                   |  1- 3 |  4- 6 || total
-------------------------+-------+-------++-------
Melee: Unarmed           |    98 |    85 ||   183
       Punch             |     2 |     3 ||     5
  Use: Scroll            |       |     4 ||     4
       Potion            |       |     1 ||     1
 Stab: Sleeping          |     1 |     1 ||     2
Armor: Robe              |     9 |       ||     9
       Leather armour    |       |     9 ||     9
Dodge: Dodged            |    55 |    40 ||    95
